 Dungeon Crawl Stone Soup version 0.27.0-1-g7a089689b8 (webtiles) character file.

Game seed: 6874192542554358906

4 Malachi the Skirmisher (level 1, -3/19 HPs)
             Began as a Palentonga Fighter on Aug 15, 2021.
             Slain by a kobold (7 damage)
             ... on level 1 of the Dungeon.
             The game lasted 00:00:03 (35 turns).

Malachi the Skirmisher (Palentonga Fighter)           Turns: 35, Time: 00:00:05

Health: -3/19      AC:  6    Str: 19    XL:     1   Next: 58%
Magic:  1/1        EV:  5    Int:  8    God:
Gold:   2          SH:  8    Dex:  9    Spells: 0/0 levels left

rFire    . . .     SeeInvis +   a - +0 war axe
rCold    . . .     Faith    .   c - +0 kite shield
rNeg     . . .     Spirit   .   b - +0 scale mail
rPois    .         Reflect  .   (no helmet)
rElec    .         Harm     .   (no cloak)
rCorr    .         Rampage  .   (no gloves)
Will     .....                  (no barding)
Stlth    ..........             (no amulet)
HPRegen  0.06/turn              (no ring)
MPRegen  0.07/turn              (no ring)

@: no status effects
A: large, rugged brown scales 3, see invisible, deformed body, roll 1, armoured
tail
a: Rolling Charge


You were on level 1 of the Dungeon.
You visited 1 branch of the dungeon, and saw 1 of its levels.

You collected 2 gold pieces.

Inventory:

Hand Weapons
 a - a +0 war axe (weapon)
Armour
 b - a +0 scale mail (worn)
 c - a +0 kite shield (worn)
Potions
 d - a potion of might


   Skills:
 + Level 3.0 Fighting
 + Level 2.0 Axes
 + Level 2.5 Armour
 + Level 0.2 Dodging
 + Level 2.4 Shields


You couldn't memorise any spells.
You didn't know any spells.
Your spell library was empty.

Dungeon Overview and Level Annotations

Branches:
Dungeon (1/15)

Altars:


Innate Abilities, Weirdness & Mutations

You are completely covered in rugged brown scales. (AC +3, +7% HP)
You have supernaturally acute eyesight. (SInv)
Armour fits poorly on your strangely shaped body.
You can roll at nearby foes to attack.
You have a long armoured tail.


Message History

You kill the frilled lizard!
A quokka comes into view.
A giant cockroach comes into view.
You block the kobold's attack.
Your shield and scale mail prevent you from hitting the kobold.
Your tail-slap misses the kobold.
The kobold barely misses you.
The kobold hits you with a +4 short sword.
You barely miss the kobold. The kobold barely misses you.
You closely miss the kobold. You block the kobold's attack.
The giant cockroach bites you but does no damage.
The kobold hits you with a +4 short sword.
You miss the kobold.
Your tail-slap misses the kobold.
You barely miss the giant cockroach.
The giant cockroach bites you but does no damage.
You block the quokka's attack. You block the kobold's attack.
The giant cockroach bites you but does no damage.
You barely miss the quokka. You hit the giant cockroach.
You closely miss the kobold. The quokka barely misses you.
You block the kobold's attack.
The giant cockroach bites you but does no damage.
The quokka bites you but does no damage.
The kobold hits you but does no damage. The giant cockroach bites you.
Your shield and scale mail prevent you from hitting the giant cockroach.
The giant cockroach is heavily wounded.
You slash the quokka!
You kill the quokka!
You closely miss the kobold. You block the giant cockroach's attack.
The kobold completely misses you.
The giant cockroach bites you but does no damage.
You block the kobold's attack.
You closely miss the giant cockroach.
The giant cockroach is heavily wounded.
You barely miss the kobold. You block the giant cockroach's attack.
The kobold barely misses you. The giant cockroach bites you.
You slash the giant cockroach!
You kill the giant cockroach!
You miss the kobold.
The kobold hits you with a +4 short sword.
* * * LOW HITPOINT WARNING * * *
The kobold hits you with a +4 short sword!
You die...

####### ##
..$..##.### ..
........ . ..#
#####.##.##....
#.#
#.....†@K...$..
#.#
#.##[...†.....#
#.#
#.##..#####....
#.# #.##..# .##
##.####.##..#
#.......##..#
#...######..#
#.### #..# ##.#


You could see a kobold.

Vanquished Creatures
  An endoplasm (D:1)
  A giant cockroach (D:1)
  2 quokkas (D:1)
  A frilled lizard (D:1)
5 creatures vanquished.

Notes
Turn   | Place    | Note
-------+----------+-------------------------------------------
     0 | D:1      | Malachi the Palentonga Fighter began the quest for the Orb.
     0 | D:1      | Reached XP level 1. HP: 19/19 MP: 1/1
    35 | D:1      | Slain by a kobold

Illustrated notes

Levels and vault maps discovered:
D:1:      pf_arrival_petrified_forest, layout_loops_ring, minmay_misc_feat_room

Action                   || total
-------------------------++-------
Melee: War axe           ||    12
Armor: Scale mail        ||    10
Dodge: Dodged            ||     6
Block: Kite shield       ||     8
